 Dungeon Crawl Stone Soup version 0.22-a0-565-gfc6459a (webtiles) character file.

19748 royokou the Thaumaturge (level 12, -5/64 HPs)
             Began as a Deep Elf Conjurer on June 29, 2018.
             Was a Follower of Vehumet.
             Slain by a wolf spider (14 damage)
             ... on level 1 of the Spider Nest.
             The game lasted 01:43:49 (15692 turns).

royokou the Thaumaturge (Deep Elf Conjurer)        Turns: 15692, Time: 01:43:53

Health: -5/64      AC:  8    Str:  7    XL:     12   Next: 39%
Magic:  11/32      EV: 18    Int: 22    God:    Vehumet [*.....]
Gold:   192        SH:  0    Dex: 15    Spells: 8/39 levels left

rFire    + + .     SeeInvis .   y - staff of fire
rCold    . . .     Gourm    .   (no shield)
rNeg     . . .     Faith    .   a - +2 robe
rPois    +         Spirit   .   w - +2 hat
rElec    .         Reflect  .   x - +0 cloak
rCorr    .         Harm     .   D - +0 pair of gloves
MR       +....                  (no boots)
Stlth    ++........             (no amulet)
HPRegen  0.20/turn              t - ring of poison resistance
MPRegen  0.23/turn              l - +5 ring of evasion

@: no status effects
A: fire resistance 1, robust 1, weak 1
a: Renounce Religion


You were on level 1 of the Spider Nest.
You worshipped Vehumet.
Vehumet was aware of your devotion.
You were not hungry.

You visited 4 branches of the dungeon, and saw 13 of its levels.

You collected 500 gold pieces.
You spent 308 gold pieces at shops.

Inventory:

Hand Weapons
 b - a +0 dagger
 d - a +0 short sword
 i - a +2 dagger of flaming
Armour
 a - a +2 robe (worn)
 j - a +0 buckler
 r - a +0 cloak
 w - a +2 hat (worn)
 x - a +0 cloak (worn)
 D - a +0 pair of gloves (worn)
Magical Staves
 y - an uncursed staff of fire (weapon)
Jewellery
 e - a +2 ring of intelligence
 k - an uncursed ring of protection from fire
 l - a +5 ring of evasion (right hand)
 t - a ring of poison resistance (left hand)
 v - an uncursed ring of positive energy
 I - an uncursed ring of stealth
Wands
 p - a wand of flame (114)
Scrolls
 f - a scroll of teleportation
 g - 6 scrolls of identify
 h - 3 scrolls of noise
 n - 2 scrolls of immolation
 s - a scroll of magic mapping
 A - 3 scrolls of enchant weapon
 B - a scroll of vulnerability {unknown}
 C - 2 scrolls of remove curse
 E - a scroll of summoning {unknown}
 G - a scroll of fear {unknown}
 H - a scroll of fog {unknown}
Potions
 m - 2 potions of curing
 o - 2 potions of invisibility
 q - a potion of ambrosia
 u - a potion of agility
 z - 3 potions of might {unknown}
 F - a potion of berserk rage
Comestibles
 c - 16 rations


   Skills:
 - Level 2.5 Dodging
 - Level 2.5 Stealth
 + Level 14.3 Spellcasting
 + Level 13.0 Conjurations
 * Level 13.7 Fire Magic


You had 8 spell levels left.
You knew the following spells:

 Your Spells              Type           Power        Failure   Level  Hunger
a - Magic Dart            Conj           ####         1%          1    None
b - Searing Ray           Conj           ######       1%          2    None
c - Dazzling Spray        Conj/Hex       #####.       1%          3    None
d - Iskenderun's Mystic   Conj           ######..     1%          4    None
e - Force Lance           Conj/Tloc      #####...     2%          4    None
f - Fulminant Prism       Conj/Hex       #####.....   2%          4    None
g - Fireball              Conj/Fire      #######...   1%          5    ###....
h - Sticky Flame          Conj/Fire      #######.     1%          4    None
i - Flame Tongue          Conj/Fire      #####        0%          1    None
j - Conjure Flame         Conj/Fire      #######.     1%          3    None

Your spell library contained the following spells:

 Spells                   Type           Power        Failure   Level  Hunger
 Cause Fear               Hex            ###.......   36%         4    None
 Throw Flame              Conj/Fire      ######       1%          2    None
 Deflect Missiles         Chrm/Air       ###.......   99%         6    #####..
 Silence                  Hex/Air        ###.......   71%         5    ###....
 Inner Flame              Hex/Fire       ######..     1%          3    None
 Discord                  Hex            ###.......   100%        8    #######
 Yara's Violent Unravell  Hex/Tmut       ###.......   71%         5    ###....


Dungeon Overview and Level Annotations

Branches:
Dungeon (8/15)             Temple (1/1) D:7            Lair (3/6) D:8
 Spider (1/4) Lair:3
  Swamp: Lair:2-4    Shoals: Lair:2-4

Altars:
Ashenzari
Cheibriados
Dithmenos
Elyvilon
Fedhas
Gozag
Hepliaklqana
Kikubaaqudgha
Makhleb
Nemelex Xobeh
Okawaru
Qazlal
Ru
Sif Muna
Trog
Uskayaw
Vehumet
Wu Jian
Xom
Yredelemnul
Zin
The Shining One

Shops:
D:6 *


Innate Abilities, Weirdness & Mutations

Your flesh is heat resistant. (rF+)
You are robust. (+10% HP)
You are weak. (Str -2)


Message History

Confirm with . or Enter, or press ? or * to list all spells.
Aiming: Iskenderun's Mystic Blast (safe; 1% risk of failure)
Press: ? - help, Shift-Dir - straight line, f/p - wolf spider
Aim: a wolf spider (moderately wounded)
The orb of energy hits the wolf spider.
The wolf spider is heavily wounded.
The orb of energy explodes!
The wolf spider closely misses you. The wolf spider misses you.
Casting: Iskenderun's Mystic Blast (safe; 1% risk of failure)
Confirm with . or Enter, or press ? or * to list all spells.
Aiming: Iskenderun's Mystic Blast (safe; 1% risk of failure)
Press: ? - help, Shift-Dir - straight line, f/p - wolf spider
Aim: a wolf spider (heavily wounded)
The orb of energy hits the wolf spider.
The wolf spider is almost dead.
The orb of energy explodes!
The wolf spider hits you!! The wolf spider completely misses you.
The wolf spider hits you!!
* * * LOW HITPOINT WARNING * * *
The wolf spider bites you!
You die...

>. ...
....
....##
......#
.......
.......##
......s@#
.......##
......#
...#.# ..
## .


You could see a wolf spider.

Vanquished Creatures
  A hydra (Lair:2)
  2 two-headed ogres (D:8)
  Erica (Lair:2)
  Sonja (Lair:2)
  4 wolf spiders (Spider:1)
  A black mamba (Lair:2)
  A torpor snail (Lair:2)
  A spiny frog (Lair:2)
  4 komodo dragons
  3 polar bears (Lair:3)
  2 jumping spiders (Spider:1)
  8 blink frogs (Lair:2)
  Grinder (D:5)
  3 hippogriffs
  3 redbacks (Lair:3)
  A tarantella (Spider:1)
  21 yaks
  A basilisk (Lair:2)
  Grum (Lair:1)
  8 water moccasins
  8 porcupines
  3 ice beasts
  2 ogres
  A necrophage (D:5)
  2 phantoms
  10 wolves
  3 centaurs
  5 crocodiles
  9 bullfrogs
  Blork the orc (D:4)
  2 scorpions
  5 killer bees (D:7)
  5 wights (D:6)
  A centaur zombie (D:8)
  3 crimson imps
  A quasit (D:6)
  4 hounds
  3 orc priests
  4 orc wizards
  Crazy Yiuf (D:6)
  A centaur skeleton (D:3)
  A gnoll shaman (D:8)
  A bullfrog skeleton (D:5)
  3 iguanas
  5 worker ants
  A hound zombie (D:5)
  A hound skeleton (D:7)
  A howler monkey skeleton (D:7)
  A worker ant zombie (D:7)
  5 gnolls (D:8)
  7 adders
  A shadow imp (D:6)
  An ooze (D:7)
  2 adder skeletons
  An adder zombie (D:7)
  3 worms (D:2)
  A dart slug (D:2)
  4 leopard geckos
  17 orcs
  6 giant cockroaches
  3 goblins (D:3)
  5 hobgoblins
  2 jackals (D:2)
  6 kobolds
  5 quokkas
  5 ball pythons
  A bat (D:3)
  4 frilled lizards
  A jackal zombie (D:5)
  A leopard gecko skeleton (D:4)
  A quokka skeleton (D:4)
  6 rats
244 creatures vanquished.

Vanquished Creatures (others)
  13 fulminant prisms
  A fungus (Lair:2)
  A plant (Lair:2)
15 creatures vanquished.

Grand Total: 259 creatures vanquished

Notes
Turn   | Place    | Note
-------+----------+-------------------------------------------
     0 | D:1      | royokou the Deep Elf Conjurer began the quest for the Orb.
     0 | D:1      | Reached XP level 1. HP: 10/10 MP: 6/6
   255 | D:1      | Reached XP level 2. HP: 15/15 MP: 2/8
   347 | D:1      | Learned a level 2 spell: Searing Ray
   577 | D:2      | Reached skill level 5 in Conjurations
   747 | D:2      | Found a white marble altar of Elyvilon.
   762 | D:2      | Reached XP level 3. HP: 19/19 MP: 6/10
  1266 | D:2      | Gained mutation: You are robust. (+10% HP) [potion of mutation]
  1266 | D:2      | Gained mutation: You are weak. (Str -2) [potion of mutation]
  1266 | D:2      | Gained mutation: Your flesh is heat resistant. (rF+) [potion of mutation]
  1306 | D:2      | Learned a level 3 spell: Dazzling Spray
  1451 | D:3      | Reached skill level 4 in Spellcasting
  1460 | D:3      | Reached XP level 4. HP: 4/26 MP: 1/12
  2303 | D:3      | Reached skill level 5 in Spellcasting
  2303 | D:3      | Reached XP level 5. HP: 30/30 MP: 7/14
  2716 | D:3      | Learned a level 4 spell: Iskenderun's Mystic Blast
  3019 | D:4      | Reached skill level 6 in Spellcasting
  3019 | D:4      | Reached XP level 6. HP: 35/35 MP: 11/17
  3025 | D:4      | Learned a level 4 spell: Force Lance
  3526 | D:5      | Entered Level 5 of the Dungeon
  4030 | D:5      | Noticed an ice beast
  4034 | D:5      | Killed an ice beast
  4034 | D:5      | Reached skill level 7 in Spellcasting
  4091 | D:5      | Reached XP level 7. HP: 39/39 MP: 11/19
  4142 | D:5      | Noticed Blork the orc
  4144 | D:5      | Noticed Grinder
  4178 | D:4      | Killed Blork the orc
  4305 | D:4      | Learned a level 4 spell: Fulminant Prism
  4364 | D:5      | Killed Grinder
  4364 | D:5      | Reached skill level 8 in Spellcasting
  4797 | D:5      | Reached XP level 8. HP: 45/45 MP: 10/22
  5093 | D:5      | Reached skill level 9 in Spellcasting
  5319 | D:6      | Learned a level 5 spell: Fireball
  5370 | D:6      | Reached skill level 1 in Fire Magic
  5870 | D:6      | Found Qaugut's Assorted Antiques.
  5873 | D:6      | Bought a brass ring for 110 gold pieces
  5873 | D:6      | Bought a glowing short sword for 132 gold pieces
  6029 | D:6      | Found a runed door.
  6033 | D:6      | Noticed Crazy Yiuf
  6035 | D:6      | Killed Crazy Yiuf
  6275 | D:7      | Found a staircase to the Ecumenical Temple.
  6305 | D:7      | Noticed a hippogriff
  6496 | D:7      | Killed a hippogriff
  6496 | D:7      | Reached skill level 10 in Spellcasting
  6496 | D:7      | Reached skill level 5 in Fire Magic
  6496 | D:7      | Reached XP level 9. HP: 49/49 MP: 2/25
  6800 | D:6      | Bought a scroll of remove curse for 66 gold pieces
  6827 | D:6      | Learned a level 4 spell: Sticky Flame
  8060 | D:8      | Reached skill level 10 in Conjurations
  8063 | D:8      | Found an ornate altar of the Wu Jian Council.
  8064 | D:8      | Found a bloodstained altar of Trog.
  8065 | D:8      | Found a stormy altar of Qazlal.
  8065 | D:8      | Found a snail-covered altar of Cheibriados.
  8066 | D:8      | Found a white marble altar of Elyvilon.
  8066 | D:8      | Found a shadowy altar of Dithmenos.
  8066 | D:8      | Found an iron altar of Okawaru.
  8067 | D:8      | Found a sacrificial altar of Ru.
  8303 | D:8      | Noticed a two-headed ogre
  8303 | D:8      | Noticed a two-headed ogre
  8326 | D:8      | Killed a two-headed ogre
  8326 | D:8      | Reached skill level 11 in Spellcasting
  8326 | D:8      | Killed a two-headed ogre
  8326 | D:8      | Reached XP level 10. HP: 55/55 MP: 8/27
  8920 | D:8      | Learned a level 1 spell: Flame Tongue
  9072 | D:8      | Noticed a death yak
  9072 | D:8      | Noticed a death yak
  9090 | D:8      | Noticed a death yak
  9240 | D:7      | Learned a level 3 spell: Conjure Flame
  9408 | D:8      | Found a staircase to the Lair.
  9517 | Lair:1   | Entered Level 1 of the Lair of Beasts
 10003 | Lair:1   | Noticed Grum
 10011 | Lair:1   | Killed Grum
 10011 | Lair:1   | Reached skill level 12 in Spellcasting
 10034 | Lair:1   | Noticed an eight-headed hydra
 10594 | Lair:1   | Reached skill level 10 in Fire Magic
 11167 | Lair:2   | Killed an eight-headed hydra
 11228 | Lair:2   | Noticed a spiny frog
 11232 | Lair:2   | Killed a spiny frog
 11232 | Lair:2   | Reached XP level 11. HP: 59/59 MP: 10/29
 11576 | Lair:2   | Noticed Sonja
 11638 | Lair:2   | Killed Sonja
 11760 | Lair:2   | Noticed Erica
 11772 | Lair:2   | Killed Erica
 11928 | Lair:2   | Reached skill level 13 in Spellcasting
 12744 | Temple   | Entered the Ecumenical Temple
 12781 | Temple   | Became a worshipper of Vehumet
 14091 | Lair:2   | Reached * piety under Vehumet
 14091 | Lair:2   | Offered knowledge of Shock by Vehumet.
 14252 | Lair:2   | Reached XP level 12. HP: 23/64 MP: 21/31
 14649 | Lair:3   | Reached skill level 14 in Spellcasting
 15234 | Lair:3   | Found a hole to the Spider Nest.
 15244 | Spider:1 | Entered Level 1 of the Spider Nest
 15692 | Spider:1 | Slain by a wolf spider

Vault maps used:
D:1:      sevenhm_arrival_forest_fort_large_2
D:2:      hangedman_abyss_or_decor_stabs, elyvilon_altar_3
D:3:      first_ration, saegor_snake_ambush
D:4:      minmay_misc_feat_five
D:5:      portal_sewer_entry_a, uniq_grinder, uniq_blork_the_orc
D:6:      serial_shops, kennysheep_mini, uniq_crazy_yiuf_cottage
D:7:      minmay_temple_entry_statues
D:8:      grunt_temple_overflow_open, dpeg_lair_monsters
Temple:   nicolae_temple_great_sept
Lair:1:   grunt_megastairs_3, uniq_grum
Lair:2:   beast_lair_carwin_2, infiniplex_staircase_pool, serial_bayou_shore_b,
          grunt_megastairs_1, uniq_erica, uniq_sonja
Lair:3:   spider_nest_entry_webs, cheibrodos_lair_lostbears, lemuel_fruit_tree,
          grunt_megastairs_5
Spider:1: uniq_rupert

Skill      XL: |  1  2  3  4  5  6  7  8  9 10 11 12 |
---------------+-------------------------------------+-----
Conjurations   | 5 6 7 8 9 10 11 12 13 | 13.0
Spellcasting   | 4 5 6 7 8 10 11 12 13 14 | 14.3
Fire Magic     | 5 8 10 12 13 | 13.7
Dodging        | |  2.5
Stealth        | |  2.5

Action                   |  1- 3 |  4- 6 |  7- 9 | 10-12 || total
-------------------------+-------+-------+-------+-------++-------
Melee: Dagger            |     7 |    10 |    54 |       ||    71
       Short sword       |       |       |     5 |       ||     5
       Staff             |       |       |     5 |    11 ||    16
 Cast: Magic Dart        |    66 |    73 |   142 |    47 ||   328
       Searing Ray       |     2 |     4 |     5 |     1 ||    12
       Dazzling Spray    |     2 |     1 |     3 |       ||     6
       Iskenderun's Myst |       |    10 |    42 |    99 ||   151
       Fulminant Prism   |       |       |     8 |     7 ||    15
       Fireball          |       |       |     8 |    49 ||    57
       Flame Tongue      |       |       |       |   143 ||   143
       Conjure Flame     |       |       |       |     2 ||     2
       Sticky Flame      |       |       |       |     3 ||     3
  Use: Scroll            |     4 |     5 |    10 |     6 ||    25
       Potion            |     5 |       |     7 |     4 ||    16
 Stab: Invisible         |       |       |     1 |       ||     1
  Eat: Chunk             |     1 |     9 |     7 |    15 ||    32
       Ration            |       |       |     3 |     4 ||     7
Armor: Robe              |       |     2 |    22 |    35 ||    59
Dodge: Dodged            |    14 |    25 |   144 |   191 ||   374

Table legend:
 A = Spawn XP
 B = Non-spawn XP
 C = Spawn XP percentage of total XP
 D = Spawn monster count
 E = Non-spawn monster count
 F = Spawn count percentage of total count
 G = Total turns spent on level
                    A         B        C        D         E        F      G
               +---------+---------+-------+---------+---------+-------+---------
         Total |       0 |   28212 |   0.0 |       0 |     244 |   0.0 | 15692
               +---------+---------+-------+---------+---------+-------+---------
           D:1 |       0 |      14 |   0.0 |       0 |       7 |   0.0 |   499
           D:2 |       0 |      55 |   0.0 |       0 |      19 |   0.0 |  1586
           D:3 |       0 |     182 |   0.0 |       0 |      24 |   0.0 |   702
           D:4 |       0 |     423 |   0.0 |       0 |      17 |   0.0 |  1322
           D:5 |       0 |     882 |   0.0 |       0 |      18 |   0.0 |  1352
           D:6 |       0 |     766 |   0.0 |       0 |      18 |   0.0 |  1115
           D:7 |       0 |    1360 |   0.0 |       0 |      23 |   0.0 |  1736
           D:8 |       0 |    3450 |   0.0 |       0 |      29 |   0.0 |  1760
        Lair:1 |       0 |    2758 |   0.0 |       0 |      15 |   0.0 |  1652
        Lair:2 |       0 |   11840 |   0.0 |       0 |      50 |   0.0 |  2752
        Lair:3 |       0 |    3337 |   0.0 |       0 |      17 |   0.0 |  1143
      Spider:1 |       0 |    3145 |   0.0 |       0 |       7 |   0.0 |    25
               +---------+---------+-------+---------+---------+-------+---------
